 Dungeon Crawl Stone Soup version 0.17.2-1-ge4368a0 (webtiles) character file.

150 Goblin1989 the Cudgeler (level 5, -5/50 HPs)
             Began as an Ogre Gladiator on Oct 23, 2016.
             Killed from afar by Natasha (10 damage)
             ... with a magic dart
             ... on level 3 of the Dungeon.
             The game lasted 00:07:30 (2863 turns).

Goblin1989 the Cudgeler (Ogre Gladiator)            Turns: 2863, Time: 00:07:30

Health: -5/50      AC:  4    Str: 20    XL:     5   Next: 32%
Magic:  5/5        EV: 10    Int:  7    God:
Gold:   120        SH:  0    Dex: 11    Spells: 0 memorised, 4 levels left

rFire  . . .     SeeInvis .     a - +0 flail
rCold  . . .     Clarity  .     o - +0 robe (curse)
rNeg   . . .     SustAt   .     (no shield)
rPois  .         Gourm    .     c - +0 hat
rElec  .         Spirit   .     f - +0 cloak (curse)
rCorr  .         Warding  .     (gloves unavailable)
rMut   .         Stasis   .     (boots unavailable)
MR     .....                    (no amulet)
Stlth  +.........               (no ring)
                                (no ring)

@: not resistant to hostile enchantments, very unstealthy
A: unfitting armour, tough skin 1
a: no special abilities


You were on level 3 of the Dungeon.
You were not hungry.

You visited 1 branch of the dungeon, and saw 3 of its levels.

You collected 120 gold pieces.

Inventory:

Hand Weapons
 a - a +0 flail (weapon)
Missiles
 Z - 2 throwing nets (quivered) {=f, !d}
Armour
 c - a +0 hat (worn)
 f - a cursed +0 cloak (worn)
 o - a cursed +0 robe (worn)
Scrolls
 b - a scroll of fear {unknown}
 d - a scroll of teleportation {unknown}
 h - a scroll of magic mapping {unknown}
 k - a scroll of fog {unknown}
 m - 2 scrolls of recharging {unknown}
 n - 3 scrolls of identify {unknown}
 p - a scroll of immolation {unknown}
Potions
 g - 3 potions of might
 i - a potion of curing {unknown}
 j - a potion of haste {unknown}
Comestibles
 e - 5 bread rations {@e1}
 l - 2 royal jellies
 q - 3 meat rations {@e2}


   Skills:
 - Level 2.6 Fighting
 + Level 7.7 Maces & Flails
 - Level 2.0 Throwing
 - Level 2.6 Dodging


You had 4 spell levels left.
You didn't know any spells.

Dungeon Overview and Level Annotations

Branches:
Dungeon (3/15)

Altars:
Fedhas

Annotations:
D:3 Natasha


Innate Abilities, Weirdness & Mutations

You are too large for most types of armour.
You have tough skin (AC +1).


Message History

* * * LOW HITPOINT WARNING * * *
Items here: ( ) †† a hand axe; a throwing net {=f, !d}; a rat corpse; an orc corpse You take 5 damage, and have 8/50 hp.
You barely miss the white imp. The white imp hits you.
* * * LOW HITPOINT WARNING * * *
The white imp freezes you.
* * * LOW HITPOINT WARNING * * *
You take 3 damage, and have 5/50 hp.
You hit the white imp.
The white imp is heavily wounded.
The white imp disappears in a puff of smoke!
Natasha mumbles some strange words.
You barely miss the orc. The orc misses you.
You thump the orc!
You kill the orc!
You hit Natasha but do no damage. Natasha casts a spell at you.
The magic dart hits you!
You die...

▲.........▲ .......█.
█.........█ █......█
█........██ █.....█
█.█......██████.....█
██.██..........█...5)█
. █...███.██.█.....█
██ █...█ █.██.███..█.█
.████...█
█.██.███.█.██
........█ █.....@h5███
.████...███.██.█████
██ █.....██.██.█ █
██..........█
██...█...███ █...█...█
██.....██


███████ You could see Natasha and a crimson imp.

Vanquished Creatures
  An orc priest (D:3)
  Robin (D:2)
  3 adders
  2 worms
  2 giant geckos (D:1)
  3 orcs (D:3)
  A ball python (D:2)
  2 giant cockroaches
  15 goblins
  8 hobgoblins
  4 jackals (D:1)
  10 kobolds
  9 bats
  3 giant newts
  7 rats
71 creatures vanquished.

Notes
Turn   | Place    | Note
--------------------------------------------------------------
     0 | D:1      | Goblin1989 the Ogre Gladiator began the quest for the Orb.
     0 | D:1      | Reached XP level 1. HP: 22/22 MP: 1/1
   364 | D:1      | Reached XP level 2. HP: 25/29 MP: 2/2
   518 | D:1      | Reached skill level 5 in Maces & Flails
   891 | D:1      | Reached XP level 3. HP: 32/36 MP: 3/3
  1388 | D:2      | Reached skill level 6 in Maces & Flails
  1400 | D:2      | Noticed Robin
  1448 | D:2      | Reached XP level 4. HP: 19/44 MP: 4/4
  1452 | D:2      | Killed Robin
  2333 | D:2      | Found a blossoming altar of Fedhas.
  2551 | D:3      | Reached skill level 7 in Maces & Flails
  2841 | D:3      | Noticed Natasha
  2843 | D:3      | Reached XP level 5. HP: 21/50 MP: 5/5
  2863 | D:3      | Killed from afar by Natasha

Action                   |  1- 3 |  4- 6 || total
-------------------------+-------+-------++-------
Melee: Flail             |   118 |   111 ||   229
Throw: Throwing net      |       |     1 ||     1
 Stab: Held in net/web   |       |     1 ||     1
  Eat: Chunk             |     2 |     4 ||     6

Vault maps used:
D:1:      lightli_arrival_windingriver
D:2:      lemuel_crystal_altar, uniq_robin
D:3:      first_bread, uniq_natasha
